[Event "Titled Tuesday Blitz February 14 Late 2023"]
[White "Guzman Moneo, Alberto"]
[Black "Sonnenschein, Philipp"]
[WhiteFideId "2209616"]
[BlackFideId "16250877"]
[WhiteElo "2170"]
[BlackElo "2224"]
[Result "0-1"]
[Round "07"]
[TimeControl "180+2"]
[Date "2023.02.14"]
[WhiteClock "0:00:05"]
[BlackClock "0:00:10"]

1. Nf3 d5 2. g3 g6 3. Bg2 Bg7 4. d4 Nf6 5. O-O O-O 6. c4 dxc4 7. Na3 Nc6 8. Nxc4 Be6 9. Nce5 Bd5 10. Re1 Ne4 11. Nxc6 Bxc6 12. Bf4 Bd5 13. a3 c6 14. Rc1 Qb6 15. Qc2 Rac8 16. h4 h6 17. Be3 Qb5 18. Ne5 Nd6 19. Qd2 Nf5 20. Rc5 Qb3 21. Rc3 Qa2 22. Bxd5 Qxd5 23. Rc5 Qe4 24. Qd3 Qxd3 25. exd3 Rfd8 26. Rc4 Bxe5 27. dxe5 Rxd3 28. Bxa7 Rd2 29. e6 Rxb2 30. exf7+ Kxf7 31. a4 Rd8 32. Bc5 e6 33. Rf4 h5 34. Rfe4 Re8 35. a5 Rc2 36. Bb6 Ra2 37. Rf4 Re7 38. Rd1 e5 39. Re4 Ke6 40. Rd8 Nd6 41. Re1 Nc4 42. Be3 Nxe3 43. Rxe3 Rxa5 44. Rg8 Ra1+ 45. Kg2 Kf7 46. Rh8 b5 47. Rh7+ Ke6 48. Rh6 Kf5 49. Rf3+ Ke4 50. Rxg6 c5 51. Rg5 b4 52. Re3+ Kd4 53. Rxh5 c4 54. Rh8 b3 55. Rd8+ Kc5 56. Rc8+ Kb4 57. Re4 Rc1 58. Rb8+ Ka3 59. Ra8+ Kb2 60. Re2+ Rc2 61. Re4 Kc3 62. Rc8 Kd3 63. Re3+ Kd4 64. Rd8+ Kc5 65. Rc8+ Kd5 66. Rd8+ Ke6 67. Rb8 b2 68. Re1 Rc1 69. Re4 b1=Q 70. Rxb1 Rxb1 71. Rxc4 Kd5 72. Rg4 Rf7 73. h5 Rb2 74. Kh3 Rfxf2 75. Kh4 Rh2+ 76. Kg5 Ke6 77. h6 Rb8 78. h7 Rxh7 79. Kg6 Rg8+ 80. Kxh7 Rxg4 81. Kh6 Rxg3 82. Kh5 Rg8 83. Kh4 Kf7 0-1


[Site "https://www.chess.com"]

[Event "Titled Tuesday Blitz February 14 Late 2023"]
[White "Tworuszka, Michal"]
[Black "Torres Dominguez, David"]
[WhiteFideId "1117858"]
[BlackFideId "2220857"]
[WhiteElo "2260"]
[BlackElo "1994"]
[Result "1-0"]
[Round "07"]
[TimeControl "180+2"]
[Date "2023.02.14"]
[WhiteClock "0:01:09"]
[BlackClock "0:00:04"]

1. e4 Nc6 2. Nf3 e5 3. Nc3 Nf6 4. a3 d5 5. Bb5 dxe4 6. Nxe5 Qd6 7. d4 exd3 8. O-O Be7 9. Bf4 dxc2 10. Qxc2 O-O 11. Nxc6 Qxf4 12. Nxe7+ Kh8 13. Nxc8 Raxc8 14. Be2 Rfe8 15. Bf3 g5 16. Nd5 Nxd5 17. Bxd5 Rcd8 18. Rad1 Rd6 19. Ba2 Rh6 20. Qc3+ Kg8 21. Qg3 Qf6 22. Rd7 Rf8 23. Rxc7 g4 24. Rxb7 Rg6 25. Bb1 Rg5 26. b4 h5 27. Rxa7 Rg7 28. Rd7 h4 29. Qd6 Qc3 30. Qd3 Qb2 31. Rd8 g3 32. Rxf8+ Kxf8 33. Qd8# 1-0


[Site "https://www.chess.com"]

[Event "Titled Tuesday Blitz February 14 Late 2023"]
[White "Manu_ChessExcelsior"]
[Black "Pasti, Aron"]
[BlackFideId "785857"]
[WhiteElo "1985"]
[BlackElo "2361"]
[Result "0-1"]
[Round "07"]
[TimeControl "180+2"]
[Date "2023.02.14"]
[WhiteClock "0:00:11"]
[BlackClock "0:01:42"]

1. e4 c5 2. Nf3 e6 3. d4 cxd4 4. Nxd4 Nc6 5. Nc3 Qc7 6. g3 a6 7. Bg2 Nf6 8. O-O Nxd4 9. Qxd4 Bc5 10. Qd3 Ng4 11. h3 Ne5 12. Qe2 b5 13. Kh2 Bb7 14. f4 Nc4 15. a4 b4 16. Nd1 O-O 17. Nf2 d5 18. exd5 Bxd5 19. Bxd5 exd5 20. Nd3 Rfe8 21. Qf3 Ne3 22. Rf2 Ba7 23. Nxb4 a5 24. Nd3 Nxc2 25. Rxc2 Qxc2+ 26. Kh1 Re2 27. b4 Rh2# 0-1


[Site "https://www.chess.com"]

[Event "Titled Tuesday Blitz February 14 Late 2023"]
[White "Risteski, Emil"]
[Black "Todev, Simeon"]
[WhiteFideId "15005267"]
[BlackFideId "2925133"]
[WhiteElo "2366"]
[BlackElo "2033"]
[Result "1-0"]
[Round "07"]
[TimeControl "180+2"]
[Date "2023.02.14"]
[WhiteClock "0:00:33"]
[BlackClock "0:00:25"]

1. e4 c5 2. c3 e6 3. d4 d5 4. e5 Nc6 5. Nf3 Nge7 6. Bd3 g6 7. h4 h5 8. O-O Bg7 9. Re1 O-O 10. dxc5 Nf5 11. Bxf5 exf5 12. Bg5 Qc7 13. Bf6 Re8 14. Na3 a6 15. Qxd5 Be6 16. Qd6 Qa5 17. Nc2 Rad8 18. Bxd8 Rxd8 19. b4 Qa4 20. Qc7 Qxc2 21. Qxb7 Bd5 22. Rad1 Qxc3 23. Rxd5 Rxd5 24. Qxc6 Rxe5 25. Rxe5 Bxe5 26. Qe8+ Kh7 27. Qxe5 Qc1+ 28. Kh2 Qc4 29. Ng5+ Kg8 30. Qe8+ Kg7 31. Qxf7+ Qxf7 32. Nxf7 Kxf7 33. a4 Ke6 34. b5 a5 35. Kg3 Kd5 36. Kf4 Kxc5 37. Kg5 Kc4 38. b6 Kb4 39. b7 Kxa4 40. b8=Q Ka3 41. Kxg6 f4 42. Kf5 Ka2 43. Ke4 a4 44. Kd3 a3 45. Kc2 f3 46. Qb1# 1-0


[Site "https://www.chess.com"]

[Event "Titled Tuesday Blitz February 14 Late 2023"]
[White "Haszon, David"]
[Black "vjecspec"]
[WhiteFideId "733610"]
[WhiteElo "2264"]
[BlackElo "2552"]
[Result "1-0"]
[Round "07"]
[TimeControl "180+2"]
[Date "2023.02.14"]
[WhiteClock "0:00:11"]
[BlackClock "0:00:01"]

1. e4 c5 2. Nf3 a6 3. c3 d5 4. exd5 Qxd5 5. d4 Nf6 6. Be2 Bg4 7. O-O e6 8. h3 Bh5 9. c4 Qd8 10. Nc3 cxd4 11. Nxd4 Bxe2 12. Ncxe2 Be7 13. b3 O-O 14. Bb2 Qc7 15. Ng3 Nc6 16. Qf3 Nxd4 17. Bxd4 Rfd8 18. Rad1 b5 19. Bxf6 Bxf6 20. Ne4 Bd4 21. cxb5 axb5 22. Qe2 b4 23. Ng5 h6 24. Nf3 Bc3 25. Rxd8+ Qxd8 26. Rd1 Qa5 27. Qc2 g6 28. Nh4 Qxa2 29. Qd3 Qa6 30. Qe4 Kg7 31. Rd7 e5 32. Nxg6 Ra7 33. Rxa7 Qxa7 34. Nh4 Qb6 35. Nf5+ Kf6 36. Nxh6 Bd4 37. Ng4+ Ke7 38. Qf5 Qd6 39. h4 Qd5 40. Qf3 e4 41. Qg3 f5 42. Ne3 Bxe3 43. Qxe3 1-0


[Site "https://www.chess.com"]

[Event "Titled Tuesday Blitz February 14 Late 2023"]
[White "Melikhov, Evgeny V."]
[Black "Sanchez Alvares, Kelvin Antonio"]
[WhiteFideId "4122046"]
[BlackFideId "3906680"]
[WhiteElo "2269"]
[BlackElo "2243"]
[Result "0-1"]
[Round "07"]
[TimeControl "180+2"]
[Date "2023.02.14"]
[WhiteClock "0:00:09"]
[BlackClock "0:01:16"]

1. d4 d5 2. c4 c6 3. Nc3 Nf6 4. e3 Nbd7 5. Nf3 e6 6. Bd3 dxc4 7. Bxc4 b5 8. Bd3 a6 9. e4 c5 10. d5 Qc7 11. O-O Bd6 12. Bxb5 axb5 13. Nxb5 Qb8 14. dxe6 Qxb5 15. Qxd6 fxe6 16. Qxe6+ Kd8 17. Bg5 Re8 18. Qf5 h6 19. Bxf6+ gxf6 20. Rfd1 Kc7 21. Qf4+ Kb7 22. Qxh6 Ra6 23. Qg7 Rae6 24. a4 Qc6 25. a5 R6e7 26. Qg3 Qxe4 27. a6+ Ka8 28. Qc7 Ne5 29. Qb6 Nxf3+ 30. gxf3 Rg7+ 31. Kf1 Qe2# 0-1


[Site "https://www.chess.com"]

[Event "Titled Tuesday Blitz February 14 Late 2023"]
[White "Miszler, Levente"]
[Black "Kanyamarala, Tarun"]
[WhiteFideId "763276"]
[BlackFideId "45004714"]
[WhiteElo "2271"]
[BlackElo "2342"]
[Result "1-0"]
[Round "07"]
[TimeControl "180+2"]
[Date "2023.02.14"]
[WhiteClock "0:01:35"]
[BlackClock "0:02:09"]

1. Nf3 g6 2. c4 Bg7 3. g3 f5 4. Bg2 Nf6 5. O-O O-O 6. Nc3 d6 7. d3 c6 8. Rb1 e5 9. b4 h6 10. a4 g5 11. b5 f4 12. bxc6 bxc6 13. Nd2 Qe8 14. Ba3 Qh5 15. Bxd6 Bh3 16. f3 Nbd7 17. Bxf8 Nxf8 18. Nde4 Nxe4 19. Nxe4 Ne6 20. Bxh3 Qxh3 21. Nf2 Qh5 22. g4 Qg6 23. Rb7 e4 24. dxe4 Bd4 25. Kg2 Rd8 26. Nd3 h5 27. h3 Be3 28. Qb1 hxg4 29. hxg4 Nd4 30. Rb8 Qe8 31. Rxd8 Qxd8 32. Qb2 Qa5 33. Rh1 Qxa4 34. Qb8+ 1-0


[Site "https://www.chess.com"]

[Event "Titled Tuesday Blitz February 14 Late 2023"]
[White "Sarkar, Justin"]
[Black "Golubev, Mikhail"]
[WhiteFideId "2010011"]
[BlackFideId "14100983"]
[WhiteElo "2309"]
[BlackElo "2461"]
[Result "1-0"]
[Round "07"]
[TimeControl "180+2"]
[Date "2023.02.14"]
[WhiteClock "0:00:02"]
[BlackClock "0:00:01"]

1. d4 Nf6 2. c4 d6 3. Nc3 g6 4. e4 Bg7 5. Be2 O-O 6. Be3 c5 7. d5 e6 8. Nf3 exd5 9. cxd5 b5 10. e5 dxe5 11. Bxc5 Re8 12. Bxb5 Bd7 13. O-O Bxb5 14. Nxb5 Na6 15. Bd6 Qb6 16. a4 e4 17. Ne5 e3 18. Qf3 exf2+ 19. Rxf2 Rad8 20. Kh1 Rxd6 21. Nc4 Qc5 22. Ncxd6 Rf8 23. Rd1 Nb4 24. Ne4 Nbxd5 25. Nxf6+ Nxf6 26. Qc3 Qb6 27. Qd4 Qb7 28. Rxf6 1-0


[Site "https://www.chess.com"]

[Event "Titled Tuesday Blitz February 14 Late 2023"]
[White "Petrovic, Aleksa"]
[Black "Gomes, Luiz Alexandre de Souza"]
[WhiteFideId "967629"]
[BlackFideId "2102790"]
[WhiteElo "2332"]
[BlackElo "2254"]
[Result "1-0"]
[Round "07"]
[TimeControl "180+2"]
[Date "2023.02.14"]
[WhiteClock "0:00:05"]
[BlackClock "0:00:01"]

1. d4 d5 2. c4 e6 3. Nf3 Nf6 4. Nc3 Be7 5. Bf4 O-O 6. a3 a6 7. e3 c5 8. cxd5 exd5 9. dxc5 Bxc5 10. Be2 Nc6 11. b4 Be7 12. O-O Be6 13. Ne5 Rc8 14. Nxc6 Rxc6 15. Be5 Qc8 16. Rc1 Rd8 17. h3 h6 18. Bf3 Ne4 19. Qd3 f5 20. Rfd1 Kf7 21. Bh5+ g6 22. Bf3 Rd7 23. Ne2 Bf6 24. Bxf6 Nxf6 25. Rxc6 Qxc6 26. Nd4 Qc4 27. Qb1 Qc3 28. Rd3 Qc7 29. Qb2 Ne4 30. Rd1 Qe5 31. Rc1 Rc7 32. Rxc7+ Qxc7 33. Nxe6 Kxe6 34. Qh8 h5 35. Qg8+ Qf7 36. Qc8+ Qd7 37. Qc2 Qc6 38. Qb2 Qc3 39. Qxc3 Nxc3 40. Kf1 Nb1 41. a4 Nc3 42. Ke1 Nxa4 43. Kd2 Ke5 44. Kd3 Nb6 45. Bd1 Nc4 46. f4+ Kd6 47. Kd4 b5 48. g4 hxg4 49. hxg4 a5 50. gxf5 gxf5 51. bxa5 Nxa5 52. Bc2 Ke6 53. Bd3 Nc6+ 54. Kc5 Na7 55. Bc2 Nc8 56. Bb3 Ne7 57. Kxb5 Kd6 58. Kb4 Nc6+ 59. Kc3 Kc5 60. Bc2 Ne7 61. Bd3 Kd6 62. Kd4 Ke6 63. Kc5 Ng6 64. Bc2 Ne7 65. Bb3 Kf6 66. Bxd5 Ng6 67. Kd4 Nf8 68. Bc6 Ng6 69. Bf3 Ne7 70. Kc5 Nc8 71. Bd5 Ne7 72. Bc4 Ng6 73. Be2 Nh4 74. Kd4 Ng2 75. Bf3 Nh4 76. Bh5 Ng2 77. Kd3 Ne1+ 78. Kd2 Ng2 79. Ke2 1-0


[Site "https://www.chess.com"]

[Event "Titled Tuesday Blitz February 14 Late 2023"]
[White "ArchibaldCerveza29"]
[Black "Kalajzic, Ivan"]
[BlackFideId "14506378"]
[WhiteElo "2469"]
[BlackElo "2062"]
[Result "1-0"]
[Round "07"]
[TimeControl "180+2"]
[Date "2023.02.14"]
[WhiteClock "0:01:00"]
[BlackClock "0:00:15"]

1. e4 c6 2. d4 d5 3. exd5 cxd5 4. c4 Nf6 5. Nc3 Be6 6. c5 g6 7. Nf3 Bg4 8. Qb3 Bxf3 9. Qxb7 Nbd7 10. gxf3 Bg7 11. c6 Nb6 12. c7 Qc8 13. Ba6 Qe6+ 14. Be3 O-O 15. Rc1 Nc4 16. Ke2 Nh5 17. Nxd5 Nxe3 18. fxe3 Bxd4 19. c8=Q Raxc8 20. Rxc8 Bxe3 21. Rxf8+ Kg7 22. Rxf7+ Qxf7 23. Nxe3 Qxa2 24. Qxe7+ Kh6 25. Ng4# 1-0


[Site "https://www.chess.com"]

[Event "Titled Tuesday Blitz February 14 Late 2023"]
[White "Prieto Aranguren, Alain"]
[Black "WindWhistler11"]
[WhiteFideId "2268906"]
[WhiteElo "2258"]
[BlackElo "2627"]
[Result "0-1"]
[Round "07"]
[TimeControl "180+2"]
[Date "2023.02.14"]
[WhiteClock "0:00:16"]
[BlackClock "0:00:18"]

1. e4 e6 2. Bd3 a6 3. e5 d6 4. Nf3 Nc6 5. Qe2 Nge7 6. O-O Ng6 7. Bxg6 hxg6 8. d4 Be7 9. Nc3 g5 10. h3 d5 11. Qe3 Rh5 12. Ne2 f6 13. Ng3 Rh6 14. c3 Kf7 15. exf6 gxf6 16. h4 Qh8 17. hxg5 fxg5 18. Nxg5+ Ke8 19. Nf7 Rh1+ 20. Nxh1 Kxf7 21. Ng3 Bd7 22. Qh6 Qxh6 23. Bxh6 Rh8 24. Bf4 Bd8 25. Rfe1 Ne7 26. Be5 Rh7 27. Re3 Ng6 28. Rf3+ Kg8 29. Re1 Bg5 30. Bxc7 Nh4 31. Rd3 Bb5 32. Rdd1 Rxc7 33. Rxe6 Bf4 34. Nh5 Bg5 35. g3 Nf3+ 36. Kg2 Rf7 37. Rh1 Bd7 38. Rg6+ Kf8 39. Nf4 Bxf4 40. Kxf3 Bf5 41. Rb6 Be4+ 42. Ke2 Bc7 43. Rxb7 Bxh1 44. g4 Bf3+ 45. Ke3 Bxg4 46. f3 Bxf3 47. c4 dxc4 48. Ra7 Bd5 49. Rxa6 Bf4+ 50. Ke2 Re7+ 51. Kf2 Be3+ 52. Kg3 Bxd4 53. Rd6 Re5 54. Kf4 Rh5 55. a4 Be5+ 56. Kg4 Bf3+ 57. Kxf3 Bxd6 58. a5 Rxa5 59. Ke4 Rb5 60. Kd4 Rb4 61. Kc3 Be7 62. Kd4 Ke8 63. Kc3 Kd8 64. Kd4 Kc7 65. Kc3 Kb7 66. Kd4 Ka6 67. Kc3 Kb5 68. Kd4 Ka4 69. Kc3 Ka5 70. Kd4 Kb5 71. Kc3 Ka4 72. Kd4 Kb3 73. Kd5 Kxb2 74. Kd4 c3+ 75. Kd3 c2 76. Kd2 c1=Q+ 77. Kd3 Qc3+ 78. Ke2 Ka3 79. Kd1 Ka4 80. Ke2 Kb5 81. Kd1 Rb1+ 82. Ke2 Rb2+ 83. Kd1 Qc2+ 84. Ke1 Bb4+ 85. Kf1 Qe2+ 86. Kg1 Bc5+ 87. Kh1 Qh2# 0-1


[Site "https://www.chess.com"]

[Event "Titled Tuesday Blitz February 14 Late 2023"]
[White "Gerbelli Neto, Eduardo"]
[Black "Mikhalsky, Vladimir"]
[WhiteFideId "2103281"]
[BlackFideId "14144352"]
[WhiteElo "2114"]
[BlackElo "2219"]
[Result "0-1"]
[Round "07"]
[TimeControl "180+2"]
[Date "2023.02.14"]
[WhiteClock "0:00:24"]
[BlackClock "0:00:09"]

1. e4 g6 2. Nc3 Bg7 3. f4 c5 4. Nf3 Nc6 5. Bc4 e6 6. f5 gxf5 7. d3 Nge7 8. Bg5 f6 9. Bh4 Ng6 10. Bf2 f4 11. Bxc5 Bf8 12. Bf2 Qa5 13. O-O Rg8 14. Qd2 b6 15. Nb5 Nge5 16. Qxa5 Nxf3+ 17. Kh1 Nxa5 18. gxf3 Kf7 19. Rg1 Bb7 20. Rxg8 Kxg8 21. Rg1+ Kf7 22. Nc3 Nxc4 23. dxc4 f5 24. Bd4 Rc8 25. b3 Bh6 26. Kg2 Rg8+ 27. Kf2 Rxg1 28. Kxg1 fxe4 29. Nxe4 Bxe4 30. fxe4 Bg7 31. Bf2 Be5 32. Kg2 Bc7 33. Kf3 e5 34. Bh4 Kg6 35. Be7 Bb8 36. Kg4 h5+ 37. Kf3 Kf7 38. Bd8 Bd6 39. a4 Ke6 40. c3 Bc5 41. Bc7 Bg1 42. h3 Be3 43. Bb8 a6 44. Ba7 Kd6 45. a5 Kc6 46. axb6 Bxb6 47. Bb8 d6 48. b4 Be3 49. b5+ axb5 50. cxb5+ Kd7 51. c4 Bc5 52. Ke2 Kc8 0-1


[Site "https://www.chess.com"]

[Event "Titled Tuesday Blitz February 14 Late 2023"]
[White "Fernandez Siles, Luis"]
[Black "Buchenau, Frank"]
[WhiteFideId "2209420"]
[BlackFideId "4604350"]
[WhiteElo "2218"]
[BlackElo "2222"]
[Result "0-1"]
[Round "07"]
[TimeControl "180+2"]
[Date "2023.02.14"]
[WhiteClock "0:00:01"]
[BlackClock "0:00:09"]

1. d4 e6 2. c4 Nf6 3. Nc3 Bb4 4. e3 c5 5. Ne2 d5 6. a3 Bxc3+ 7. Nxc3 cxd4 8. exd4 Nc6 9. Be3 O-O 10. Be2 dxc4 11. Bxc4 a6 12. O-O b5 13. Ba2 b4 14. Na4 bxa3 15. bxa3 Ne7 16. Bg5 Bb7 17. Nc5 Bd5 18. Bxf6 gxf6 19. Bb1 Ng6 20. Bd3 Qd6 21. Qg4 f5 22. Qg5 Qf4 23. Qxf4 Nxf4 24. f3 a5 25. Rab1 Kh8 26. g3 Rg8 27. Kf2 Nxd3+ 28. Nxd3 Bc4 29. Rfd1 Bxd3 30. Rxd3 Rgd8 31. Rb5 Rd7 32. Ke3 Kg8 33. Kf4 Kg7 34. Ke5 Ra6 35. Kf4 Kf6 36. g4 fxg4 37. fxg4 Rad6 38. g5+ Kg6 39. Ke4 Rd5 40. a4 Rxg5 41. Rxg5+ Kxg5 42. Rc3 Rd5 43. Rc5 f5+ 44. Kd3 Kf6 45. Kc4 Rd6 46. Rxa5 f4 47. Ra8 Kf5 0-1


[Site "https://www.chess.com"]

[Event "Titled Tuesday Blitz February 14 Late 2023"]
[White "Slade, Theodore"]
[Black "Toktomushev, Teimur"]
[WhiteFideId "426547"]
[BlackFideId "14176726"]
[WhiteElo "1995"]
[BlackElo "2239"]
[Result "1-0"]
[Round "07"]
[TimeControl "180+2"]
[Date "2023.02.14"]
[WhiteClock "0:00:09"]
[BlackClock "0:00:02"]

1. d4 d5 2. c4 e6 3. Nf3 Nf6 4. g3 Bb4+ 5. Bd2 Be7 6. Bg2 O-O 7. O-O c6 8. Qc2 b6 9. Bf4 Ba6 10. b3 Nbd7 11. Rd1 Rc8 12. Nbd2 c5 13. Qb2 cxd4 14. Qxd4 Bc5 15. Qb2 h6 16. b4 Be7 17. b5 Bb7 18. Rac1 Bc5 19. Nb3 Qe7 20. Nxc5 Nxc5 21. cxd5 Nxd5 22. Bd2 Ne4 23. Be1 Rxc1 24. Rxc1 Rc8 25. Rxc8+ Bxc8 26. Ne5 Nc5 27. Nc6 Qd7 28. Bxd5 exd5 29. Qe5 Bb7 30. Bc3 f6 31. Qb8+ Kh7 32. Nd4 Ne4 33. Bb4 Qc8 34. Qxa7 Qc1+ 35. Kg2 Bc8 36. Bf8 Bh3+ 37. Kxh3 Qf1+ 38. Kh4 1-0


[Site "https://www.chess.com"]

[Event "Titled Tuesday Blitz February 14 Late 2023"]
[White "Liu, Casper"]
[Black "Fernandez Garcia, Gumersindo"]
[WhiteFideId "1454153"]
[BlackFideId "24516740"]
[WhiteElo "2278"]
[BlackElo "2160"]
[Result "0-1"]
[Round "07"]
[TimeControl "180+2"]
[Date "2023.02.14"]
[WhiteClock "0:00:42"]
[BlackClock "0:01:12"]

1. d4 Nf6 2. Nf3 b6 3. Bf4 Bb7 4. e3 e6 5. Nbd2 Be7 6. Bd3 O-O 7. O-O d5 8. Qe2 Ne4 9. c4 Nd7 10. cxd5 exd5 11. Rac1 c5 12. Ne5 Nxe5 13. Bxe5 Bd6 14. Bxd6 Qxd6 15. Bxe4 dxe4 16. dxc5 bxc5 17. Qb5 Ba6 18. Nc4 Bxb5 19. Nxd6 Bxf1 20. Kxf1 Rab8 21. b3 f5 22. Rxc5 g6 23. Rc7 Rfd8 24. Nc4 a5 25. Nxa5 Rd2 26. a4 Rb2 27. g3 Rd8 28. Rc1 Rd5 29. Nc4 Rxb3 30. a5 Rb4 31. a6 Rc5 32. Ra1 Rbxc4 33. a7 Rc1+ 0-1


[Site "https://www.chess.com"]

[Event "Titled Tuesday Blitz February 14 Late 2023"]
[White "Stachanczyk, Jacek"]
[Black "Martic, Ivan"]
[WhiteFideId "1116657"]
[BlackFideId "929301"]
[WhiteElo "2147"]
[BlackElo "2301"]
[Result "1/2-1/2"]
[Round "07"]
[TimeControl "180+2"]
[Date "2023.02.14"]
[WhiteClock "0:00:31"]
[BlackClock "0:00:31"]

1. e4 d6 2. d4 Nf6 3. Nc3 e5 4. Nge2 exd4 5. Nxd4 Be7 6. Bf4 O-O 7. Qd2 Nc6 8. Nxc6 bxc6 9. O-O-O Be6 10. f3 Rb8 11. g4 Nd7 12. g5 Ne5 13. Be2 Qc8 14. h4 Qb7 15. b3 Qb4 16. Kb2 Nc4+ 17. Bxc4 Bxc4 18. h5 Rb7 19. h6 g6 20. Qd4 f6 21. Bd2 Be6 22. Qxb4 Rxb4 23. Nd5 cxd5 24. Bxb4 dxe4 25. fxe4 fxg5 26. Rhf1 Rf4 27. Rxf4 gxf4 28. Bd2 g5 29. Rg1 Kf7 30. Kc3 Bf6+ 31. Kb4 Kg6 32. Bxf4 Kxh6 33. Be3 a6 34. Ka5 Kg6 35. Kxa6 h5 36. Kb7 h4 37. a4 h3 38. a5 d5 39. a6 dxe4 40. Kc6 g4 41. a7 h2 42. Rh1 g3 43. a8=Q Kf5 44. Qa5+ Kg4 45. Qe1 Kh3 46. Bf4 Bh4 47. Bxg3 Bxg3 48. Qxe4 Bg4 49. Rxh2+ Bxh2 50. c4 Bd6 51. Qd3+ Bg3 52. c5 Kg2 53. Qd2+ Kh3 54. Qc3 Kg2 55. Kb5 Be2+ 56. Ka5 Bf2 57. b4 Kf1 58. Qc1+ Be1 59. Ka4 c6 60. Qf4+ Bf2 61. Qd6 Bb5+ 62. Ka5 Ke2 63. Qf4 Be3 64. Qb8 Kd3 65. Qxb5+ cxb5 66. Kxb5 Kc3 67. c6 Bf4 68. Kc5 Kb3 69. b5 Ka4 70. b6 Be3+ 71. Kd6 Bxb6 72. c7 Bxc7+ 1/2-1/2


[Site "https://www.chess.com"]

[Event "Titled Tuesday Blitz February 14 Late 2023"]
[White "Skaric, Djuro"]
[Black "Mazurkiewicz, Michal"]
[WhiteFideId "934569"]
[BlackFideId "1124943"]
[WhiteElo "2334"]
[BlackElo "2145"]
[Result "1-0"]
[Round "07"]
[TimeControl "180+2"]
[Date "2023.02.14"]
[WhiteClock "0:00:43"]
[BlackClock "0:00:09"]

1. g3 g6 2. Bg2 Bg7 3. d3 Nf6 4. Nc3 O-O 5. e4 d6 6. f4 c5 7. Nf3 Nc6 8. O-O Rb8 9. h3 b5 10. g4 e6 11. Ng5 Nd4 12. Be3 Nd7 13. Kh1 Bb7 14. f5 exf5 15. gxf5 b4 16. Ne2 Nxe2 17. Qxe2 Bxb2 18. Rab1 Bf6 19. Qg4 Ne5 20. Qg3 d5 21. Bf4 Re8 22. Rbe1 d4 23. Re2 Rc8 24. Ref2 c4 25. Nxf7 Nxf7 26. fxg6 hxg6 27. Qxg6+ Bg7 28. e5 Nh8 29. Qh5 Bxg2+ 30. Rxg2 Rc7 31. Rfg1 Qe7 32. Rxg7+ Qxg7 33. Qxe8+ Kh7 34. Rxg7+ Rxg7 35. Qh5+ Kg8 36. e6 b3 37. axb3 cxb3 38. cxb3 Ng6 39. Bh6 a5 40. Bxg7 Kxg7 41. Qxa5 Kh6 42. Qf5 Kg7 43. Qe4 Kf6 44. e7 Nxe7 45. Qxe7+ Kxe7 46. Kg2 1-0


[Site "https://www.chess.com"]

[Event "Titled Tuesday Blitz February 14 Late 2023"]
[White "Forgacs, Attila Jr."]
[Black "Vaglio Munoz, Jaime"]
[WhiteFideId "773654"]
[BlackFideId "6500145"]
[WhiteElo "2264"]
[BlackElo "2174"]
[Result "1/2-1/2"]
[Round "07"]
[TimeControl "180+2"]
[Date "2023.02.14"]
[WhiteClock "0:00:01"]
[BlackClock "0:00:12"]

1. e4 e6 2. d4 d5 3. Nc3 dxe4 4. Nxe4 Nf6 5. Nxf6+ Qxf6 6. Nf3 h6 7. Bd3 Nc6 8. c3 Bd6 9. Qe2 Bd7 10. Be3 e5 11. dxe5 Nxe5 12. Nxe5 Qxe5 13. O-O-O Be6 14. Bc4 Bxc4 15. Qxc4 O-O 16. Qg4 h5 17. Qh4 Be7 18. Qh3 Rad8 19. Bd4 Qg5+ 20. Kb1 c5 21. Be3 Qg6+ 22. Ka1 Qc2 23. Rc1 Qg6 24. Rhd1 Qg4 25. Qxg4 hxg4 26. Kb1 f5 27. Bf4 Kf7 28. Bc7 Rxd1 29. Rxd1 Rc8 30. Be5 g5 31. Kc2 Ke6 32. Re1 Kd7 33. c4 f4 34. Rd1+ Ke6 35. Rd5 b6 36. Kd3 Rf8 37. Ke4 g3 38. fxg3 fxg3 39. Bxg3 Rf1 40. Re5+ Kf6 41. Kd5 Rd1+ 42. Kc6 Rd2 43. Kb7 Rd7+ 44. Ka6 Rd2 45. Kxa7 Rxb2 46. Rd5 Ke6 47. a4 Rb4 48. Re5+ Kd7 49. Re4 Bd8 50. Re5 Rxa4+ 51. Kb7 Rxc4 52. Rd5+ Ke8 53. Re5+ Kf7 54. Rd5 Ke7 55. Kc6 Rc2 56. Rd7+ Ke8 57. Bd6 c4 58. Rh7 Rd2 59. Rh8+ Kf7 60. Rxd8 c3 61. Kd7 c2 62. Rc8 b5 63. Rf8+ Kg6 64. Rc8 b4 65. Ke6 b3 66. Ba3 Re2+ 67. Kd5 Re1 68. Kd4 Ra1 69. Bb2 Rb1 70. Ba3 Ra1 71. Bb2 Ra2 72. Bc1 Ra1 73. Bb2 1/2-1/2


[Site "https://www.chess.com"]

[Event "Titled Tuesday Blitz February 14 Late 2023"]
[White "FuenfgegenWilly"]
[Black "Poeta, Caio Medeiros"]
[BlackFideId "2142660"]
[WhiteElo "2322"]
[BlackElo "2088"]
[Result "1-0"]
[Round "07"]
[TimeControl "180+2"]
[Date "2023.02.14"]
[WhiteClock "0:00:12"]
[BlackClock "0:00:23"]

1. e4 c6 2. Nc3 d5 3. Qe2 dxe4 4. Nxe4 Bf5 5. g4 Bxe4 6. Qxe4 Nf6 7. Qe2 e6 8. g5 Nd5 9. h4 Nd7 10. d4 Qc7 11. Nf3 O-O-O 12. a3 Kb8 13. c4 N5b6 14. Be3 c5 15. O-O-O cxd4 16. Bxd4 Rc8 17. Kb1 Ka8 18. Ne5 Nxe5 19. Bxe5 Qc6 20. Rh3 Be7 21. Bxg7 Rhg8 22. Be5 Nxc4 23. Rc3 b5 24. f4 Qa6 25. Bg2+ Rc6 26. Rd7 Re8 27. Rxc4 bxc4 28. Qe4 Rc8 29. Rxe7 Qb5 30. Qc2 a5 31. Rxf7 c3 32. Bxc3 Kb8 33. Bxc6 Rxc6 34. Be5+ Kc8 35. Rf8+ Kd7 36. Qd1+ Qd5 37. Qxd5+ exd5 38. Rf7+ Ke6 39. Rxh7 Kf5 40. Rf7+ Kg4 41. Rf6 Rc4 42. g6 d4 43. g7 Rc8 44. Rf8 d3 45. Rxc8 d2 46. Rd8 Kf3 47. Rxd2 1-0


[Site "https://www.chess.com"]

[Event "Titled Tuesday Blitz February 14 Late 2023"]
[White "Slavin, Alexey"]
[Black "Dinu, Dumitru-Daniel"]
[WhiteFideId "24104388"]
[BlackFideId "1208403"]
[WhiteElo "2364"]
[BlackElo "2203"]
[Result "0-1"]
[Round "07"]
[TimeControl "180+2"]
[Date "2023.02.14"]
[WhiteClock "0:00:11"]
[BlackClock "0:00:11"]

1. e4 c6 2. d4 d5 3. e5 Bf5 4. Nf3 e6 5. Be2 c5 6. Be3 Nc6 7. O-O cxd4 8. Nxd4 Nge7 9. Nxf5 Nxf5 10. Bf4 Bc5 11. c3 O-O 12. Nd2 Nce7 13. Nb3 Bb6 14. h3 Ng6 15. Bh2 Bc7 16. f4 Ne3 17. Qd3 Nxf1 18. Bxf1 f6 19. Nd4 Bb6 20. Re1 fxe5 21. fxe5 Nf4 22. Qd2 Bxd4+ 23. Qxd4 Qb6 24. Qxb6 axb6 25. a3 Rad8 26. g3 Ng6 27. Bd3 Rf3 28. Be2 Re3 29. g4 Rf8 30. Kg2 Nxe5 31. Bg3 Re4 32. Bb5 Rxe1 33. Bxe1 Nc6 34. Bf2 e5 35. Bxb6 e4 36. Bc5 Re8 37. Be3 Re6 38. a4 Ne7 39. Bd7 Rf6 40. g5 Rf3 41. Bc5 Kf7 42. Bg4 Rd3 43. b4 Ng6 44. a5 Rxc3 45. h4 Nxh4+ 46. Kf2 Nf3 47. Bh5+ g6 48. Bg4 Ne5 49. Bc8 Nd3+ 50. Ke2 Nxc5 51. bxc5 Rxc5 52. Bxb7 Rxa5 53. Ke3 Ke6 54. Bc8+ Ke5 55. Bb7 Ra3+ 56. Kd2 d4 57. Kc2 e3 58. Kb2 e2 59. Kxa3 e1=Q 60. Ba6 Qa1+ 61. Kb4 Qxa6 0-1


[Site "https://www.chess.com"]